Map: Orbital Shipyard

Players

wabbajack - Winner!

  • Race: Zerg Zerg
  • League: Gold

ChipsandDip

  • Race: Zerg Zerg
  • League: Bronze

VOD

Have the link to the VOD?

Description

Time

  • Played on: July 19, 2015, 6:13 p.m.
  • Length: 6:38
Show
View Real Time Build Order
Export as new Build Order

wabbajack Zerg - Winner!

Build Orders: Hatch First 

Get SALT Encoding   

  12  0:02  Drone  
  13  0:13  Overlord  
  13  0:17  Drone  
  14  0:31  Drone x2  
  14  0:35  Drone  
  17  0:53  Hatchery  
  17  0:55  Extractor  
  15  0:58  Drone  
  16  1:07  Drone  
  16  1:10  Drone  
  18  1:21  Spawning Pool  
  18  1:22  Drone  
  18  1:29  Drone  
  19  1:40  Overlord  
  19  1:53  Drone  
  20  2:07  Drone x2  
  22  2:10  Spine Crawler, Queen  
  22  2:11  Queen  
  22  2:15  Drone  
  26  2:18  Drone  
  28  2:22  Drone  
  28  2:33  Roach Warren  
  27  2:38  Drone  
  27  2:39  Drone x2  
  30  2:52  Spine Crawler  
  29  2:59  Overlord x2  
  29  3:30  Roach x10  
  49  3:39  Overlord  
  49  3:41  Lair  
  49  3:46  Overlord  
  49  4:11  Metabolic Boost  
  49  4:14  Drone x5  
  49  4:15  Drone x2  
  56  4:17  Spine Crawler  
  55  4:24  Spine Crawler  
  54  4:31  Queen  
  56  4:39  Ravager  
  57  4:52  Overlord  
  57  4:53  Zergling x2  
  57  4:54  Zergling x16  
  66  5:12  Baneling Nest  
  64  5:28  Zergling x28  
Show
View Real Time Build Order
Export as new Build Order

ChipsandDip Zerg 

Build Orders: Hatch First 

Get SALT Encoding   

  12  0:01  Drone  
  13  0:08  Drone  
  14  0:38  Hatchery  
  13  0:51  Spawning Pool  
  13  0:54  Drone  
  13  0:58  Drone  
  14  1:08  Overlord  
  14  1:32  Hatchery  
  13  1:40  Queen  
  13  1:44  Extractor  
  13  1:47  Drone  
  15  1:51  Drone  
  16  1:55  Drone  
  16  1:59  Drone  
  18  2:05  Drone  
  18  2:07  Drone  
  20  2:12  Drone  
  21  2:19  Overlord  
  21  2:24  Drone  
  21  2:27  Drone  
  23  2:33  Overlord  
  23  2:40  Drone  
  23  2:42  Drone  
  25  2:45  Drone  
  25  2:46  Drone  
  25  2:50  Drone  
  28  2:54  Overlord  
  28  2:59  Zergling x4  
  28  3:04  Metabolic Boost  
  30  3:07  Zergling x2  
  30  3:11  Zergling x4  
  33  3:15  Zergling x2  
  33  3:18  Zergling x2  
  36  3:20  Zergling x2  
  36  3:21  Zergling x2  
  36  3:23  Zergling x2  
  36  3:25  Zergling x2  
  39  3:28  Zergling x2  
  39  3:32  Overlord  
  40  3:40  Zergling x4  
  42  3:52  Zergling x6  
  42  3:53  Zergling x2  
  42  3:54  Zergling x4  
  42  3:55  Queen  
  48  3:58  Zergling x2  
  48  4:02  Zergling x4  
  53  4:07  Zergling x2  
  53  4:08  Zergling x2  
  53  4:09  Zergling x2  
  56  4:11  Drone  
  45  4:38  Zergling x2  
  45  4:39  Zergling x16  
  45  4:40  Zergling x6  
  57  4:48  Pneumatized Carapace  
  57  4:51  Drone  
  58  4:53  Overlord  
  58  4:58  Overlord  
  58  5:12  Drone  
  58  5:13  Drone x6  
  58  5:14  Drone, Overlord  
  66  5:18  Lair  
  62  5:43  Zergling x8  
  62  5:44  Zergling x4  
  48  5:59  Zergling x12  
  48  6:00  Zergling x6  
  50  6:10  Drone  
  48  6:11  Drone  
Tags
 
Add a new tag
Caveats
  • Supply blocks, unpowered buildings, or Contaminate may cause inaccurate times.
  • Supply counts are checked every 10 seconds.